 Dungeon Crawl Stone Soup version 0.28-a0-863-g8cecda6153 (webtiles) character file.

Game seed: 11391424749705416341

23 W0nk042 the Ogre Mage (level 2, 0/29 HPs)
             Began as an Ogre Hedge Wizard on Nov 19, 2021.
             Slain by a quokka (2 damage)
             ... on level 1 of the Dungeon.
             The game lasted 00:07:59 (1069 turns).

W0nk042 the Ogre Mage (Ogre Hedge Wizard)           Turns: 1069, Time: 00:08:00

Health: 0/29       AC:  3    Str: 13    XL:     2   Next: 95%
Magic:  7/7        EV:  9    Int: 15    God:
Gold:   12         SH:  0    Dex:  8    Spells: 6/9 levels left

rFire   . . .      SeeInvis .   a - +0 dagger
rCold   . . .      Faith    .   (no shield)
rNeg    . . .      Spirit   .   b - +0 robe
rPois   .          Reflect  .   c - +0 hat
rElec   .          Harm     .   (no cloak)
rCorr   .          Rampage  .   (gloves unavailable)
Will    .....                   (boots unavailable)
Stlth   +.........              (no amulet)
HPRegen 0.09/turn               (no ring)
MPRegen 0.10/turn               (no ring)

@: no status effects
A: large, unfitting armour, tough skin 1
a: no special abilities


You were on level 1 of the Dungeon.
You visited 1 branch of the dungeon, and saw 2 of its levels.

You collected 12 gold pieces.

Inventory:

Hand Weapons
 a - a +0 dagger (weapon)
Armour
 b - a +0 robe (worn)
 c - a +0 hat (worn)
Potions
 d - a potion of heal wounds {unknown}


   Skills:
 * Level 2.7 Fighting
 - Level 1.7 Dodging
 - Level 1.4 Stealth
 + Level 4.0 Spellcasting
 - Level 0.8 Conjurations
 - Level 0.8 Summonings
 - Level 0.8 Translocations


You had 6 spell levels left.
You knew the following spells:

 Your Spells              Type           Power      Damage    Failure   Level
a - Magic Dart            Conj           20%        1d4       13%         1
b - Call Imp              Summ           5%         N/A       19%         2

Your spell library contained the following spells:

 Spells                   Type           Power      Damage    Failure   Level
 Slow                     Hex            12%        N/A       19%         1
 Blink                    Tloc           10%        N/A       19%         2
 Conjure Flame            Conj/Fire      4%         6-21      41%         3
 Mephitic Cloud           Conj/Pois/Air  3%         N/A       43%         3


Dungeon Overview and Level Annotations

Branches:
Dungeon (2/15)

Altars:


Innate Abilities, Weirdness & Mutations

You are too large for most types of armour.
You have tough skin. (AC +1)


Message History

A quokka comes into view.
Your crimson imp disappears in a puff of smoke!
The quokka closely misses you. The quokka bites you.
Casting: Call Imp (safe; 19% risk of failure)
Confirm with . or Enter, or press ? or * to list all spells.
A beastly little devil appears in a puff of flame.
The quokka bites you.
The gnoll barely misses your crimson imp.
The quokka twitches its whiskers.
The quokka bites you but does no damage.
The gnoll misses your crimson imp.
You miss the quokka. The quokka bites you.
Your crimson imp blinks!
You hit the quokka.
The quokka is heavily wounded.
The quokka bites you.
You hit the quokka but do no damage.
The quokka is heavily wounded.
The quokka bites you. The gnoll closely misses you. The quokka bites you.
You hit the quokka but do no damage.
The quokka is heavily wounded.
The gnoll barely misses you. The quokka barely misses you.
You closely miss the quokka.
The quokka is heavily wounded.
The gnoll hits you but does no damage.
The quokka bites you but does no damage.
Your crimson imp hits the quokka.
You barely miss the quokka.
The quokka is severely wounded.
The gnoll hits you from afar with a +0 spear!
* * * LOW HITPOINT WARNING * * *
The quokka misses you.
Your crimson imp hits the quokka.
Your crimson imp blinks!
The quokka bites you.
* * * LOW HITPOINT WARNING * * *
Your crimson imp disappears in a puff of smoke!
The quokka closely misses you. The quokka bites you.
You die...

.
............#.#####....#.#
..#.........#.# ###.#..#
.....#.# #...## .#.# ....
#.# #.### ...# #.#######.#
..# #......##.# ..#
#......##.# #####.#
#......##.# .....#
#@.....##.#
#####..#########r.....##.#
...†..................##.#
....#..#########g.....##.#
.......#########......##.#
.#.......§...g........†..#
....#..#########......####
.#.....# #.###### .......#
#.#


You could see a gnoll and a quokka.

Vanquished Creatures
  A dart slug (D:1)
  3 bats (D:1)
  An endoplasm (D:1)
  A giant cockroach (D:1)
  6 goblins (D:1)
  2 hobgoblins (D:1)
  A frilled lizard (D:1)
  2 rats (D:1)
17 creatures vanquished.

Vanquished Creatures (collateral kills)
  A bat (D:1)
  A frilled lizard (D:1)
2 creatures vanquished.

Grand Total: 19 creatures vanquished

Notes
Turn   | Place    | Note
-------+----------+-------------------------------------------
     0 | D:1      | W0nk042 the Ogre Hedge Wizard began the quest for the Orb.
     0 | D:1      | Reached XP level 1. HP: 16/16 MP: 5/5
    38 | D:1      | Reached skill level 1 in Fighting
   210 | D:1      | Reached XP level 2. HP: 18/28 MP: 6/6
   584 | D:1      | HP: 1/29 [gnoll (3)]
   956 | D:1      | Learned a level 2 spell: Call Imp
   997 | D:1      | Reached skill level 4 in Spellcasting
  1060 | D:1      | HP: 1/29 [quokka (2)]
  1069 | D:1      | Slain by a quokka

Illustrated notes

Levels and vault maps discovered:
D:1:      dpeg_arrival_subterranean_lakeside_camping, layout_rooms,
          minmay_worlds_worst_comb
D:2:      layout_basic

Skill      XL: |  1  2 |
---------------+-------+-----
Fighting       | 1 2 |  2.7
Spellcasting   | 4 |  4.0
Dodging        | |  1.7
Stealth        | |  1.4
Conjurations   | |  0.8
Summonings     | |  0.8
Translocations | |  0.8

Action                   || total
-------------------------++-------
Melee: Dagger            ||   101
 Cast: Magic Dart        ||     2
       Call Imp          ||     3
 Stab: Sleeping          ||     1
Armor: Robe              ||    43
Dodge: Dodged            ||    57

Table legend: (Time is in decaauts)
 A = Elapsed time spent in this place.
 B = Non-inter-level travel time spent in this place.
 C = Inter-level travel time spent in this place.
 D = Time resting spent in this place.
 E = Time spent auto-exploring this place.
 F = Levels seen in this place.
 G = Mean time per level.
                   A        B        C        D        E       F      G
               +--------+--------+--------+--------+--------+-----+--------+
         Total |   1072 |   1072 |      0 |    549 |    125 |   2 |  536.0 |
       Dungeon |   1072 |   1072 |      0 |    549 |    125 |   2 |  536.0 |
               +--------+--------+--------+--------+--------+-----+--------+

Top non-repeatable levels by time:
     D:1: 721 daAuts
     D:2: 350 daAuts
